 Dungeon Crawl Stone Soup version 0.23.2-33-g5129a83184 (webtiles) character file.

Game seed: 18096061832491924545

29784 Destapler the Grappler (level 13, -4/117 HPs)
             Began as a Troll Monk on July 14, 2019.
             Was an Elder of Qazlal.
             Slain by a komodo dragon (15 damage)
             ... on level 3 of the Lair of Beasts on July 19, 2019.
             The game lasted 02:34:26 (15809 turns).

Destapler the Grappler (Troll Monk)                Turns: 15809, Time: 02:34:26

Health: -4/117     AC: 14    Str: 24    XL:     13   Next: 17%
Magic:  14/20      EV: 13    Int:  6    God:    Qazlal [****..]
Gold:   1480       SH: 15    Dex: 11    Spells: 12/12 levels left

rFire    . . .     SeeInvis .   r - +1 mace (holy)
rCold    + . .     Gourm    +   Q - +0 shield {reflect}
rNeg     + . .     Faith    .   A - +0 acid dragon scales
rPois    .         Spirit   .   (helmet restricted)
rElec    .         Reflect  +   O - +2 cloak
rCorr    +         Harm     .   (gloves unavailable)
MR       ++...                  (boots unavailable)
Stlth    +.........             l - amulet of rage
HPRegen  0.69/turn              h - ring of protection from cold
MPRegen  0.17/turn              F - ring of Hekum {rCorr rN+ MR++ Dex-3 Slay+2}

@: very slightly contaminated, repel missiles
A: large, unfitting armour, claws 3, fast metabolism 3, gourmand, regeneration
1, shaggy fur 1, tough skin 3
a: Upheaval, Elemental Force, Renounce Religion, Evoke Berserk Rage


You were on level 3 of the Lair of Beasts.
You worshipped Qazlal.
Qazlal was greatly pleased with you.
You were very full.

You visited 4 branches of the dungeon, and saw 17 of its levels.

You collected 1480 gold pieces.

Inventory:

Hand Weapons
 a - a +0 blowgun
 r - a +1 mace of holy wrath (weapon)
 P - a +5 double sword of slicing
Missiles
 c - 20 large rocks (quivered)
 j - 74 poisoned needles
 k - 415 stones
 o - 2 needles of confusion
 E - 5 tomahawks of returning
 H - 9 curare-tipped needles
 I - 4 silver tomahawks
 M - 21 tomahawks
 N - 5 silver javelins
Armour
 A - +0 acid dragon scales (worn)
 O - a +2 cloak (worn)
 Q - a +0 shield of reflection (worn)
 R - a +0 troll leather armour
Jewellery
 h - a ring of protection from cold (left claw)
 l - an amulet of rage (around neck)
 F - the ring of Hekum (right claw) {rCorr rN+ MR++ Dex-3 Slay+2}
   (You found it on level 6 of the Dungeon)

   [ring of resist corrosion]

   It affects your dexterity (-3).
   It affects your accuracy and damage with ranged weapons and melee attacks
   (+2).
   It protects you from negative energy.
   It affects your resistance to hostile enchantments.
Wands
 q - a wand of scattershot (3)
 t - a wand of clouds (14)
 v - a wand of iceblast (16)
 x - a wand of disintegration (9)
 y - a wand of enslavement (6)
 J - a wand of polymorph (9)
 L - a wand of paralysis (10)
 T - a wand of acid (8)
Scrolls
 f - 4 scrolls of enchant armour
 g - 4 scrolls of identify
 i - 3 scrolls of teleportation
 p - 8 scrolls of remove curse
 u - a scroll of fear
 C - a scroll of immolation
 D - 2 scrolls of magic mapping
 G - a scroll of fog
 S - a scroll of silence {unknown}
Potions
 d - 2 potions of might
 e - 6 potions of curing
 m - 3 potions of flight
 n - 2 potions of mutation
 s - a potion of haste
 w - a potion of brilliance
 z - 2 potions of magic
 B - a potion of resistance
Comestibles
 b - 26 rations
 U - 9 chunks of flesh


   Skills:
 + Level 4.8 Fighting
 + Level 4.6 Armour
 - Level 9.5 Dodging
 - Level 3.0 Stealth
 * Level 6.8 Shields
 - Level 11.1 Unarmed Combat
 + Level 10.8 Invocations


You had 12 spell levels left.
You didn't know any spells.
Your spell library contained the following spells:

 Spells                   Type           Power        Failure   Level  Hunger
 Animate Skeleton         Necr           N/A          69%         1    ##.....
 Apportation              Tloc           #.....       69%         1    ##.....
 Confusing Touch          Hex            #.....       69%         1    ##.....
 Infusion                 Chrm           #...         69%         1    ##.....
 Summon Small Mammal      Summ           #...         69%         1    ##.....
 Shroud of Golubria       Chrm/Tloc      #.........   83%         2    ###....
 Song of Slaying          Chrm           #.......     83%         2    ###....
 Ignite Poison            Fire/Tmut/Pois #.......     96%         3    ####...
 Regeneration             Chrm/Necr      #.........   96%         3    ####...
 Spectral Weapon          Hex/Chrm       #.......     96%         3    ####...
 Fireball                 Conj/Fire      #.........   100%        5    ######.
 Bolt of Fire             Conj/Fire      #.........   100%        6    #######
 Ring of Flames           Chrm/Fire      #.........   100%        7    #######
 Ignition                 Fire           #.........   100%        8    #######


Dungeon Overview and Level Annotations

Branches:
Dungeon (11/15)            Temple (1/1) D:4            Lair (3/6) D:11
    Orc (2/2) D:10            Elf (0/3) Orc:2
  Swamp: Lair:2-4    Shoals: Lair:2-4     Snake: Lair:2-4    Spider: Lair:2-4

Altars:
Ashenzari
Cheibriados
Dithmenos
Elyvilon
Fedhas
Gozag
Hepliaklqana
Kikubaaqudgha
Makhleb
Nemelex Xobeh
Okawaru
Qazlal
Ru
Sif Muna
Trog
Uskayaw
Vehumet
Wu Jian
Xom
Yredelemnul
Zin
The Shining One

Shops:
D:11 *

Annotations:
D:7 exclusion: ice statue
Lair:1 3 runed translucent doors, exclusion: 3 doors, BoneStone's ghost, novice GnFi
Orc:2 Saint Roka


Innate Abilities, Weirdness & Mutations

You are too large for most types of armour.
You have claws for hands.
Your metabolism is lightning-fast.
You like to eat raw meat.
Your natural rate of healing is unusually fast.
You are covered in fur. (AC +1)
You have extremely tough skin. (AC +3)


Message History

You block the five-headed hydra's attack. x2
The five-headed hydra bites you but does no damage.
You block the komodo dragon's attack.
You block the five-headed hydra's attack.
The five-headed hydra barely misses you.
The five-headed hydra bites you but does no damage. x2
The five-headed hydra completely misses you.
Blink to where?
Press: ? - help, Dir - move target cursor You are very lightly contaminated with residual magic.
As you read the scroll of blinking, it crumbles to dust.
The swamp worm throws harpoon shot at you.
Your +0 shield of reflection reflects the harpoon shot!
The harpoon shot hits the swamp worm.
You block the ooze's attack. The komodo dragon bites you!!
* * * LOW HITPOINT WARNING * * *
There is a stone staircase leading up, spattered with blood here.
You block the swamp worm's attack. The ooze completely misses you.
The komodo dragon bites you!
You die...

...... #....## #.....##
##......# #......# #PP....#
##○...# #P.○†.### #
#######...@w.## #
###.###.##..†..Jl##.##.P..
..............§.☼D§......?.
...........................
.......†...................
...........................
#......####.#..###.##.#####
#.#.... ###### ### .#
....... ..


You could see a five-headed hydra, a komodo dragon, a swamp worm and an ooze.

Vanquished Creatures
  Donald (Orc:2)
  A death yak (Lair:2)
  Sonja (D:11)
  Pikel (D:5)
  3 orc knights
  An ugly thing (D:11)
  3 orc sorcerers
  4 cyclopes
  3 black mambas
  A gargoyle (D:11)
  4 spiny frogs
  A torpor snail (Lair:2)
  A kobold demonologist (D:11)
  5 komodo dragons
  5 trolls
  5 blink frogs (Lair:3)
  Prince Ribbit (D:9)
  5 hippogriffs
  A spriggan (D:7)
  A vampire (D:11)
  Sigmund (D:5)
  Eustachio (D:5)
  18 yaks
  3 basilisks
  2 wargs (Orc:2)
  Menkaure (D:5)
  A swamp worm (Lair:3)
  5 water moccasins
  An acid dragon (D:11)
  4 porcupines
  A black bear (D:8)
  An ice beast (D:6)
  An eye of draining (D:10)
  25 orc warriors
  A slave (D:5)
  2 sky beasts
  2 phantoms
  A necrophage (D:9)
  6 wolves (Lair:2)
  10 ogres
  8 centaurs
  5 crocodiles
  7 bullfrogs
  5 big kobolds (D:11)
  4 scorpions
  5 howler monkeys
  2 vampire bats (D:5)
  A bullfrog zombie (D:11)
  4 crimson imps
  A centaur zombie (D:9)
  2 hounds
  A quasit (D:8)
  5 jellies
  4 centaur skeletons
  13 orc priests
  25 orc wizards
  2 bullfrog skeletons
  Ijyb (D:5)
  5 worker ants
  A worker ant zombie (D:10)
  A howler monkey zombie (D:11)
  10 adders
  7 gnolls
  A shadow imp (D:5)
  13 oozes
  2 adder skeletons
  3 worms
  3 dart slugs
  5 leopard geckos
  70 orcs
  3 bat skeletons (D:5)
  2 bat zombies (D:5)
  9 giant cockroaches
  4 goblins
  11 hobgoblins
  12 jackals
  11 kobolds
  6 quokkas
  2 ball pythons
  14 bats
  7 frilled lizards
  A goblin zombie (D:5)
  A hobgoblin zombie (D:5)
  A jackal skeleton (D:6)
  A kobold skeleton (D:5)
  2 kobold zombies (D:5)
  An orc skeleton (D:5)
  A quokka skeleton (D:6)
  7 rats
  A fungus (Lair:2)
448 creatures vanquished.

Vanquished Creatures (collateral kills)
  An ugly thing (D:11)
  An orc sorcerer (Orc:2)
  A troll (D:10)
  A yak (D:9)
  2 orc warriors
  An ogre (Orc:2)
  A phantom (D:10)
  A big kobold (D:9)
  2 orc priests
  3 orc wizards (Orc:2)
  An orc (Orc:1)
  4 kobolds (D:9)
19 creatures vanquished.

Vanquished Creatures (others)
  A troll (Orc:1)
  A slave (D:5)
  11 fungi
  A plant (Lair:3)
14 creatures vanquished.

Grand Total: 481 creatures vanquished

Notes
Turn   | Place    | Note
-------+----------+-------------------------------------------
     0 | D:1      | Destapler the Troll Monk began the quest for the Orb.
     0 | D:1      | Reached XP level 1. HP: 22/22 MP: 0/0
   129 | D:1      | Reached XP level 2. HP: 29/29 MP: 1/1
   326 | D:1      | Reached XP level 3. HP: 36/36 MP: 2/2
  1475 | D:3      | Reached XP level 4. HP: 44/44 MP: 3/3
  2034 | D:3      | Found a blossoming altar of Fedhas.
  2048 | D:3      | Reached XP level 5. HP: 53/53 MP: 4/4
  2170 | D:3      | Found a stormy altar of Qazlal.
  2178 | D:3      | Became a worshipper of Qazlal Stormbringer
  2178 | D:3      | Reached * piety under Qazlal
  2178 | D:3      | Reached ** piety under Qazlal
  2303 | D:4      | Reached skill level 4 in Unarmed Combat
  2470 | D:4      | Found a staircase to the Ecumenical Temple.
  2484 | Temple   | Entered the Ecumenical Temple
  3042 | D:5      | Entered Level 5 of the Dungeon
  3046 | D:5      | Reached XP level 6. HP: 61/61 MP: 5/5
  3092 | D:5      | Noticed Menkaure
  3094 | D:5      | Killed Menkaure
  3094 | D:5      | Reached skill level 1 in Invocations
  3095 | D:5      | Noticed Eustachio
  3176 | D:5      | Noticed Ijyb
  3182 | D:5      | Killed Ijyb
  3182 | D:5      | Noticed an orc warrior
  3188 | D:5      | Noticed a slave
  3214 | D:5      | Killed an orc warrior
  3214 | D:5      | Reached XP level 7. HP: 14/67 MP: 7/7
  3384 | D:5      | Found a glowing golden altar of the Shining One.
  3422 | D:5      | Killed Eustachio
  3422 | D:5      | Reached skill level 5 in Unarmed Combat
  3561 | D:5      | Noticed Sigmund
  3568 | D:5      | Killed Sigmund
  3793 | D:5      | Reached *** piety under Qazlal
  3797 | D:5      | Found an ancient bone altar of Kikubaaqudgha.
  3806 | D:5      | Reached XP level 8. HP: 74/76 MP: 9/9
  3984 | D:5      | Noticed Pikel
  4013 | D:5      | Killed Pikel
  4013 | D:5      | Reached skill level 5 in Dodging
  4013 | D:5      | Reached skill level 6 in Unarmed Combat
  4233 | D:6      | Found a blossoming altar of Fedhas.
  4566 | D:6      | Got a fine marble ring
  4567 | D:6      | Identified the ring of Hekum {rCorr rN+ MR++ Dex-3 Slay+2}
                  | (You found it on level 6 of the Dungeon)
  4584 | D:6      | Reached XP level 9. HP: 48/83 MP: 11/11
  4755 | D:6      | Found a hide-covered altar of Uskayaw.
  4755 | D:6      | Found an ornate altar of the Wu Jian Council.
  5144 | D:7      | Found an ornate altar of the Wu Jian Council.
  5157 | D:7      | Reached skill level 7 in Unarmed Combat
  5157 | D:7      | Reached skill level 5 in Invocations
  5427 | D:6      | Found a radiant altar of Vehumet.
  5427 | D:6      | Found a shimmering altar of Xom.
  5641 | D:7      | Noticed an ice statue
  5968 | D:8      | Identified the cursed +1 hunting sling "Uhoitom" {freeze,
                  | rC+}
  6174 | D:8      | Reached skill level 8 in Unarmed Combat
  6455 | D:8      | Reached **** piety under Qazlal
  7303 | D:9      | Reached XP level 10. HP: 81/91 MP: 13/13
  7823 | D:9      | Noticed Prince Ribbit
  7911 | D:9      | Found a hazy altar of Hepliaklqana.
  8044 | D:10     | Entered Level 10 of the Dungeon
  8199 | D:9      | Killed Prince Ribbit
  8199 | D:9      | Reached skill level 9 in Unarmed Combat
  8350 | D:10     | Noticed a cyclops
  8421 | D:10     | Killed a cyclops
  8791 | D:10     | Found a radiant altar of Vehumet.
  8940 | D:10     | Found a staircase to the Orcish Mines.
  9411 | Orc:1    | Entered Level 1 of the Orcish Mines
  9412 | Orc:1    | Noticed an orc sorcerer
  9419 | Orc:1    | Noticed a cyclops
  9639 | D:10     | Reached XP level 11. HP: 90/97 MP: 16/16
  9654 | D:11     | Reached skill level 10 in Unarmed Combat
  9747 | D:11     | Found Pisidi's Changing Room.
  9752 | D:11     | Found a staircase to the Lair.
  9757 | D:11     | Noticed a cyan ugly thing
  9757 | D:11     | Noticed a white ugly thing
  9768 | D:11     | Killed a cyan ugly thing
  9769 | D:11     | Killed a white ugly thing
  9804 | D:11     | Noticed Sonja
  9812 | D:11     | Killed Sonja
 10846 | Orc:2    | Entered Level 2 of the Orcish Mines
 11081 | Orc:2    | Noticed Donald
 11093 | Orc:2    | Killed Donald
 11093 | Orc:2    | Reached skill level 11 in Unarmed Combat
 11358 | Orc:2    | Found a staircase to the Elven Halls.
 11375 | Orc:2    | Reached skill level 1 in Shields
 11399 | Orc:2    | Noticed an orc sorcerer
 11404 | Orc:2    | Killed an orc sorcerer
 11404 | Orc:2    | Reached skill level 1 in Armour
 11420 | Orc:2    | Noticed an orc sorcerer
 11421 | Orc:2    | Noticed a soul eater
 11439 | Orc:2    | Killed an orc sorcerer
 11439 | Orc:2    | Reached XP level 12. HP: 102/106 MP: 18/18
 11796 | Orc:1    | Reached skill level 10 in Invocations
 12646 | Orc:2    | Noticed Saint Roka
 12881 | Lair:1   | Entered Level 1 of the Lair of Beasts
 12905 | Lair:1   | Reached skill level 5 in Shields
 12961 | Lair:1   | Noticed BoneStone's ghost (novice GnFi)
 12963 | Lair:1   | Noticed a minotaur
 12963 | Lair:1   | Noticed a five-headed hydra
 12994 | Lair:1   | Found a runed translucent gate.
 12994 | Lair:1   | Found a runed translucent gate.
 12994 | Lair:1   | Found a runed translucent gate.
 14020 | Lair:2   | Noticed a death yak
 14049 | Lair:2   | Killed a death yak
 15473 | Lair:3   | Noticed a four-headed hydra
 15475 | Lair:3   | Noticed a five-headed hydra
 15481 | Lair:2   | Reached XP level 13. HP: 93/117 MP: 20/20
 15809 | Lair:3   | Slain by a komodo dragon

Skill      XL: |  1  2  3  4  5  6  7  8  9 10 11 12 |
---------------+-------------------------------------+-----
Fighting       | 3 4 |  4.8
Dodging        | 3 4 5 7 8 9 |  9.5
Unarmed Combat | 4 5 6 8 9 11 | 11.1
Stealth        | 2 3 |  3.0
Invocations    | 1 3 4 6 8 9 10 | 10.8
Shields        | 2 6 |  6.8
Armour         | 1 4 |  4.6

Action                   |  1- 3 |  4- 6 |  7- 9 | 10-12 | 13-15 || total
-------------------------+-------+-------+-------+-------+-------++-------
Melee: Unarmed           |   124 |   158 |   289 |   641 |    70 ||  1282
       Punch             |     1 |     1 |     9 |    17 |       ||    28
       Mace              |       |       |       |       |     5 ||     5
Throw: Stone             |       |       |       |     6 |       ||     6
       Tomahawk          |       |       |       |     4 |       ||     4
       Javelin           |       |       |       |     3 |       ||     3
       Large rock        |       |       |       |     1 |       ||     1
Invok: Upheaval          |       |       |     1 |     9 |     2 ||    12
       Elemental Force   |       |       |     1 |     8 |       ||     9
 Abil: Evoke Berserk Rag |       |     2 |     3 |     3 |       ||     8
Evoke: Wand              |       |     2 |     2 |     6 |     1 ||    11
  Use: Potion            |       |       |     4 |     3 |       ||     7
       Scroll            |       |       |       |    20 |     1 ||    21
 Stab: Sleeping          |     2 |     1 |       |       |       ||     3
       Distracted        |       |       |       |     1 |       ||     1
  Eat: Chunk             |    19 |    17 |    41 |    72 |     9 ||   158
Armor: Robe              |    34 |    49 |   106 |    47 |       ||   236
       Acid dragon scale |       |       |       |   119 |    29 ||   148
Dodge: Dodged            |    67 |    72 |   161 |   242 |    42 ||   584
       Deflected         |       |       |     2 |     2 |       ||     4
Block: Other             |       |     4 |    51 |    63 |       ||   118
       Shield            |       |       |       |   214 |    87 ||   301
       Reflection        |       |       |       |    11 |     1 ||    12
